 Dungeon Crawl Stone Soup version 0.31-a0-968-g24f9ace8b5 (webtiles) character file.

Game seed: 13503387149263505935

21213 RepHenryClay the Grappler (level 12, -21/94 HPs)
             Began as a Gnoll Shapeshifter on Oct 27, 2023.
             Was the Champion of Cheibriados.
             Demolished by a very large slime creature (48 damage)
             ... in an ice cave on Oct 28, 2023.
             The game lasted 00:27:19 (10654 turns).

RepHenryClay the Grappler (Gnoll Shapeshifter)     Turns: 10654, Time: 00:27:19

Health: -21/94     AC: 22    Str: 33    XL:     12   Next: 87%
Magic:  23/23      EV: 19    Int: 19    God:    Cheibriados [******]
Gold:   702        SH:  5    Dex: 30    Spells: 21/26 levels left

rFire   x . .        W - +4 falchion of Victory {heavy, rElec rC+ Str+2 Int-5}
rCold   + + +        (no shield)
rNeg    . . .        A - +0 ice dragon scales
rPois   .            i - +0 helmet
rElec   +            N - +1 cloak
rCorr   .            a - +0 pair of gloves
SInv    .            o - +0 pair of boots
Will    .....        w - amulet of reflection
Stlth   +++          X - ring of protection from cold
HPRegen 0.35/turn    y - +4 ring of protection
MPRegen 0.18/turn

%: reflection
@: about to teleport, studying Ice Magic, very slow
A: fangs 1, strong nose, distributed training
a: Renounce Religion, Bend Time, Temporal Distortion, Slouch, Step From Time


You were in an ice cave.
You worshipped Cheibriados.
Cheibriados was exalted by your worship.
You visited 2 branches of the dungeon, and saw 13 of its levels.
You also visited: Bailey and Ice Cave.

You collected 935 gold pieces.
You spent 233 gold pieces at shops.

Inventory:

Hand Weapons
 O - the +5 scimitar "Gomyuff" {heavy, Fly rPois Int-4 Dex-5 Stlth+}
   (You found it in a bailey)

   Int-4:     It affects your intelligence (-4).
   Dex-5:     It affects your dexterity (-5).
   rPois:     It protects you from poison Fly: It grants you flight.
   Stlth+:    It makes you more stealthy.
 P - a +1 mace of protection
 W - the +4 falchion of Victory (weapon) {heavy, rElec rC+ Str+2 Int-5}
   (You found it on level 9 of the Dungeon)

   Str+2:     It affects your strength (+2).
   Int-5:     It affects your intelligence (-5).
   rC+:       It protects you from cold.
   rElec:     It insulates you from electricity.
Missiles
 n - 11 javelins
 s - 28 poisoned darts (quivered)
 C - 4 throwing nets
 S - a curare-tipped dart
Armour
 a - a +0 pair of gloves (worn)
 i - a +0 helmet (worn)
 o - a +0 pair of boots (worn)
 t - the +1 robe of Neecw {rC+ Regen+ Stlth+}
   (You found it on level 3 of the Dungeon)

   rC+:       It protects you from cold.
   Regen+:    It increases your rate of health regeneration.
   Stlth+:    It makes you more stealthy.
 x - a scarf of invisibility
 A - +0 ice dragon scales (worn)
 B - a +0 chain mail of positive energy
 F - +0 storm dragon scales
 H - the +2 ring mail of Focus {Will++ Regen+ Str-3 Dex-2}
   (You found it on level 5 of the Dungeon)

   Str-3:     It affects your strength (-3).
   Dex-2:     It affects your dexterity (-2).
   Will++:    It greatly increases your willpower.
   Regen+:    It increases your rate of health regeneration.
 N - a +1 cloak (worn)
Jewellery
 f - a +4 ring of protection
 g - a ring of willpower
 p - a ring of see invisible
 w - an amulet of reflection (around neck)
 y - a +4 ring of protection (right hand)
 X - a ring of protection from cold (left hand)
Talismans
 d - a flux talisman
Wands
 z - a wand of roots (11)
 J - a wand of polymorph (7)
 R - a wand of flame (18)
 Y - a wand of paralysis (9)
Scrolls
 j - 4 scrolls of teleportation
 m - 2 scrolls of fog
 r - a scroll of revelation
 E - a scroll of fear
 G - 6 scrolls of blinking
 I - 3 scrolls of enchant armour
 K - a scroll of enchant weapon
 L - a scroll of immolation
 T - 4 scrolls of identify {@r1}
Potions
 b - 2 potions of lignification
 c - 2 potions of invisibility
 e - 2 potions of ambrosia
 h - 3 potions of might
 k - 2 potions of enlightenment {unknown}
 l - a potion of berserk rage {unknown}
 q - a potion of mutation {unknown}
 u - 2 potions of resistance {unknown}
 v - 3 potions of curing {unknown}
 D - a potion of magic {unknown}
 M - a potion of heal wounds {unknown}
 Q - a potion of degeneration {unknown}
 U - 2 potions of brilliance {unknown}
 V - a potion of cancellation {unknown}
 Z - a potion of attraction {unknown}


   Skills:
 + Level 8.3 Fighting
 + Level 7.8 Short Blades
 + Level 7.8 Long Blades
 + Level 7.8 Axes
 + Level 7.8 Maces & Flails
 + Level 7.8 Polearms
 + Level 7.8 Staves
 + Level 7.8 Ranged Weapons
 + Level 7.8 Throwing
 + Level 7.8 Armour
 + Level 9.1 Dodging
 + Level 7.8 Stealth
 + Level 7.8 Shields
 + Level 10.3 Unarmed Combat
 + Level 7.8 Spellcasting
 + Level 6.5 Conjurations
 + Level 6.5 Hexes
 + Level 6.5 Summonings
 + Level 6.5 Necromancy
 + Level 6.5 Translocations
 + Level 6.5 Transmutations
 + Level 6.5 Fire Magic
 + Level 6.6 Ice Magic
 + Level 6.5 Air Magic
 + Level 6.5 Earth Magic
 + Level 6.5 Poison Magic
 + Level 8.6 Invocations
 + Level 7.8 Evocations
 + Level 9.8 Shapeshifting


You had 21 spell levels left.
You knew the following spells:

 Your Spells              Type           Power      Damage    Failure   Level
a - Mephitic Cloud        Conj/Pois/Air  32%        N/A       3%          3
b - Poisonous Vapours     Pois/Air       64%        N/A       1%          2

Your spell library contained the following spells:

 Spells                   Type           Power      Damage    Failure   Level
 Slow                     Hex            100%       N/A       1%          1
 Confusing Touch          Hex            32%        N/A       3%          3
 Sigil of Binding         Hex            32%        N/A       3%          3
 Vampiric Draining        Necr           32%        2d8       3%          3
 Animate Dead             Necr           32%        N/A       13%         4
 Summon Ice Beast         Ice/Summ       32%        N/A       13%         4
 Freezing Cloud           Conj/Ice/Air   16%        6-21      34%         5
 Summon Mana Viper        Hex/Summ       32%        N/A       34%         5
 Monstrous Menagerie      Summ           16%        N/A       100%        7
 Infestation              Necr           16%        N/A       100%        8


Dungeon Overview and Level Annotations

Branches:
Dungeon (12/15)            Temple (1/1) D:6            Lair (0/5) D:8
    Orc (0/2) D:11         Bailey (visited)           IceCv (1/1)

Altars:
Ashenzari
Cheibriados
Dithmenos
Elyvilon
Fedhas
Gozag
Hepliaklqana
Kikubaaqudgha
Makhleb
Nemelex Xobeh
Okawaru
Qazlal
Ru
Sif Muna
Trog
Uskayaw
Vehumet
Wu Jian
Xom
Yredelemnul
Zin
The Shining One

Shops:
D:5 :?[   D:9 (

Annotations:
D:8 3 runed translucent doors, soul19's ghost, novice DsFi
D:9 2 runed translucent doors, pigah's ghost, novice OpSh
D:11 1 exclusion
D:12 1 runed translucent door, Sanktem7's ghost, journeyman MiFi IceCv exclusion: ice statue


Innate Abilities, Weirdness & Mutations

You have very sharp teeth.
Your uncanny sense of smell can sniff out nearby items.
Your experience applies equally to all skills.


Message History

You barely miss the slime creature.
The slime creature is heavily wounded.
The slime creature hits you.
The slime creature completely misses you.
Damage: -2%(-2hp) hp: 89%(82hp)
You slash the slime creature!
The slime creature is heavily wounded.
The slime creature misses you.
You slice the slime creature!!
You kill the slime creature!
Cheibriados appreciates the change of pace.
No target in view! 2 slime creatures come into view.
A slime creature comes into view.
The slime creature quivers. x3
The slime creature attacks as it pursues you!
The slime creature completely misses you.
The slime creature hits you but does no damage.
The slime creature closely misses you.
The slime creature attacks as it pursues you!
The slime creature hits you but does no damage.
Two slime creatures merge to form a large slime creature.
The slime creature misses you.
The slime creature attacks as it pursues you!
The slime creature hits you! You block the slime creature's attack.
Damage: -14%(-14hp) hp: 86%(80hp)
The large slime creature attacks as it pursues you!
The large slime creature hits you!! The large slime creature hits you!
The slime creature misses you.
Two slime creatures merge to form a very large slime creature.
Huge Dmg: -44%(-41hp) hp: 42%(39hp)
As you read the scroll of teleportation, it crumbles to dust.
You feel strangely unstable. You block the slime creature's attack.
The slime creature attacks as it pursues you!
The slime creature misses you. The slime creature hits you!
* * * LOW HITPOINT WARNING * * *
The very large slime creature attacks as it pursues you!
The very large slime creature hits you!!!
Ouch! That really hurt!
You die...

#....##.. #.#...#
#....##8 ##.##..##
##...## .##..##..#
#...##...#.).#..#
##.......##..##.##
#..##....#..##..#
#..# #..##..#..# #
#JJ# ..#..##.####
#.@# #..##..#..##.
#..## #..##..#.....
##..#
##..#...#..##.
#..###..##..##.####
#...##..##..#..# #
#...#...##.##..#
#.......#..#..##
##....#....#..#
#....#...##..#


You could see a very large slime creature and a slime creature.

Vanquished Creatures
  Josephine (D:11)
  Erolcha (D:11)
  A hydra (D:12)
  2 two-headed ogres
  A boulder beetle (D:12)
  2 ice statues (IceCv)
  Joseph (D:8)
  An unseen horror (D:11)
  A gargoyle (Bailey)
  A komodo dragon (D:8)
  2 ice devils (D:12)
  A troll (D:12)
  Grinder (D:6)
  11 slime creatures (IceCv)
  A shadow (D:12)
  A wyvern (D:11)
  39 yaks
  2 vampires
  6 wraiths
  2 basilisks
  2 steam dragons (D:10)
  Eustachio (D:6)
  Grum (D:11)
  A water moccasin (D:8)
  An acid dragon (D:12)
  2 orc warriors
  6 great orb of eyes simulacra (IceCv)
  3 sky beasts
  4 ice beasts
  4 black bears
  An ogre (D:6)
  3 wolves (D:11)
  A centaur (D:9)
  A slime creature simulacrum (IceCv)
  2 phantoms (D:5)
  A kobold brigand (D:9)
  3 bullfrogs
  A scorpion (D:6)
  8 wights
  5 killer bees (D:9)
  5 howler monkeys
  7 vampire bats (Bailey)
  6 wolf zombies (Bailey)
  A quasit (D:5)
  3 hounds (D:6)
  A jelly (D:5)
  3 orc priests
  A gnoll bouda (D:5)
  2 sleepcaps
  3 iguanas (D:6)
  9 orc wizards
  4 shapeshifter simulacra (IceCv)
  7 adders
  9 gnolls (D:5)
  A shadow imp (D:5)
  2 white imps (D:6)
  An ufetubus (D:5)
  2 worms (D:2)
  3 dart slugs
  31 orcs
  8 ball pythons
  6 bats
  6 endoplasms
  3 giant cockroaches
  18 goblins
  13 hobgoblins
  3 jackals (D:4)
  19 kobolds
  3 quokkas
  A frilled lizard (D:1)
  20 orc zombies (Bailey)
  4 rats
334 creatures vanquished.

Notes
Turn   | Place    | Note
-------+----------+-------------------------------------------
     0 | D:1      | RepHenryClay the Gnoll Shapeshifter began the quest for the
                  | Orb.
     0 | D:1      | Reached XP level 1. HP: 17/17 MP: 1/1
   105 | D:1      | Reached XP level 2. HP: 23/23 MP: 2/2
   424 | D:1      | Found a faded altar of an unknown god.
   819 | D:2      | Reached XP level 3. HP: 28/28 MP: 2/4
   938 | D:2      | Reached skill level 1 in Invocations
  1000 | D:2      | Reached skill level 1 in Short Blades
  1000 | D:2      | Reached skill level 1 in Long Blades
  1000 | D:2      | Reached skill level 1 in Axes
  1000 | D:2      | Reached skill level 1 in Maces & Flails
  1000 | D:2      | Reached skill level 1 in Polearms
  1000 | D:2      | Reached skill level 1 in Staves
  1000 | D:2      | Reached skill level 1 in Ranged Weapons
  1000 | D:2      | Reached skill level 1 in Throwing
  1000 | D:2      | Reached skill level 1 in Armour
  1000 | D:2      | Reached skill level 1 in Stealth
  1000 | D:2      | Reached skill level 1 in Shields
  1000 | D:2      | Reached skill level 1 in Spellcasting
  1000 | D:2      | Reached skill level 1 in Evocations
  1679 | D:3      | Reached XP level 4. HP: 34/34 MP: 5/5
  1724 | D:3      | Identified the +1 robe of Neecw {rC+ Regen+ Stlth+}
  1724 | D:3      | Noticed an ice beast
  1735 | D:3      | Killed an ice beast
  1736 | D:3      | Reached skill level 1 in Conjurations
  1736 | D:3      | Reached skill level 1 in Hexes
  1736 | D:3      | Reached skill level 1 in Summonings
  1736 | D:3      | Reached skill level 1 in Necromancy
  1736 | D:3      | Reached skill level 1 in Translocations
  1736 | D:3      | Reached skill level 1 in Transmutations
  1736 | D:3      | Reached skill level 1 in Fire Magic
  1736 | D:3      | Reached skill level 1 in Ice Magic
  1736 | D:3      | Reached skill level 1 in Air Magic
  1736 | D:3      | Reached skill level 1 in Earth Magic
  1736 | D:3      | Reached skill level 1 in Poison Magic
  1736 | D:3      | Reached XP level 5. HP: 38/41 MP: 5/7
  1864 | D:3      | Found a hazy altar of Hepliaklqana.
  2532 | D:4      | Reached XP level 6. HP: 32/47 MP: 8/8
  2886 | D:4      | Noticed a yak
  2895 | D:4      | Killed a yak
  2896 | D:4      | Reached skill level 5 in Dodging
  3103 | D:5      | Entered Level 5 of the Dungeon
  3103 | D:5      | Noticed an ice beast
  3111 | D:5      | Killed an ice beast
  3112 | D:5      | Reached skill level 7 in Unarmed Combat
  3112 | D:5      | Reached XP level 7. HP: 52/52 MP: 10/10
  3114 | D:5      | You fall into a shaft and drop 2 floors!
  3114 | D:7      | Found a shimmering altar of Xom.
  3115 | D:7      | Found a hide-covered altar of Uskayaw.
  3152 | D:6      | Found a staircase to the Ecumenical Temple.
  3168 | Temple   | Entered the Ecumenical Temple
  3192 | D:5      | Found a snail-covered altar of Cheibriados.
  3210 | D:5      | Became a worshipper of Cheibriados the Contemplative
  3216 | D:5      | Identified the +2 ring mail of Focus {Will++ Regen+ Str-3
                  | Dex-2}
  3277 | D:5      | Learned a level 3 spell: Mephitic Cloud
  3280 | D:5      | Learned a level 2 spell: Poisonous Vapours
  3347 | D:5      | Found Zehoned's Antique Armour Shoppe.
  3415 | D:5      | Reached XP level 8. HP: 59/60 MP: 12/12
  3436 | D:5      | Found Kaecarum's Magic Scroll Shoppe.
  3443 | D:5      | Bought a scroll of revelation for 97 gold pieces
  3443 | D:5      | Bought a scroll of identify for 26 gold pieces
  3443 | D:5      | Bought a scroll of blinking for 97 gold pieces
  3443 | D:5      | Bought a scroll of noise for 13 gold pieces
  3455 | D:5      | Found Iggaky's Book Shoppe.
  3484 | D:5      | Reached * piety under Cheibriados
  3634 | D:5      | Reached ** piety under Cheibriados
  4084 | D:6      | Noticed Eustachio
  4094 | D:6      | Killed Eustachio
  4144 | D:6      | Found a burning altar of Makhleb.
  4190 | D:6      | Reached *** piety under Cheibriados
  4221 | D:6      | Reached XP level 9. HP: 66/66 MP: 14/14
  4242 | D:6      | Noticed Grinder
  4265 | D:6      | Killed Grinder
  4266 | D:6      | Reached skill level 5 in Fighting
  4284 | D:6      | Found a broken altar of Ashenzari.
  4551 | D:7      | Found a white marble altar of Elyvilon.
  4622 | D:7      | Reached skill level 8 in Unarmed Combat
  4849 | D:7      | Found a stormy altar of Qazlal.
  4887 | D:7      | Found a bloodstained altar of Trog.
  5081 | D:7      | Reached skill level 5 in Invocations
  5145 | D:8      | Found a runed translucent gate.
  5145 | D:8      | Found a runed translucent gate.
  5145 | D:8      | Found a runed translucent gate.
  5152 | D:8      | Identified a scroll of acquirement
  5156 | D:8      | Identified the "Yfer" (You acquired it on level 8 of the
                  | Dungeon)
  5156 | D:8      | Acquired 329 gold pieces
  5158 | D:8      | Noticed soul19's ghost (novice DsFi)
  5171 | D:8      | Noticed a two-headed ogre
  5187 | D:8      | Killed a two-headed ogre
  5188 | D:8      | Reached XP level 10. HP: 41/75 MP: 14/17
  5262 | D:8      | Found a staircase to the Lair.
  5280 | D:8      | Reached skill level 5 in Short Blades
  5280 | D:8      | Reached skill level 5 in Long Blades
  5280 | D:8      | Reached skill level 5 in Axes
  5280 | D:8      | Reached skill level 5 in Maces & Flails
  5280 | D:8      | Reached skill level 5 in Polearms
  5280 | D:8      | Reached skill level 5 in Staves
  5280 | D:8      | Reached skill level 5 in Ranged Weapons
  5280 | D:8      | Reached skill level 5 in Throwing
  5280 | D:8      | Reached skill level 5 in Armour
  5280 | D:8      | Reached skill level 5 in Stealth
  5280 | D:8      | Reached skill level 5 in Shields
  5280 | D:8      | Reached skill level 5 in Spellcasting
  5280 | D:8      | Reached skill level 5 in Evocations
  5481 | D:8      | Reached **** piety under Cheibriados
  5539 | D:8      | Found a glowing silver altar of Zin.
  5756 | D:8      | Found a radiant altar of Vehumet.
  5813 | D:8      | Noticed Joseph
  5822 | D:8      | Killed Joseph
  6211 | D:9      | Identified the +1 spear of Corpus Delicti {vamp, rElec
                  | Str+3 Dex+2}
  6267 | D:9      | Found an iron altar of Okawaru.
  6405 | D:9      | Reached ***** piety under Cheibriados
  6468 | D:9      | Reached XP level 11. HP: 53/83 MP: 19/19
  6476 | D:9      | Reached skill level 9 in Unarmed Combat
  6485 | D:9      | Reached skill level 5 in Conjurations
  6485 | D:9      | Reached skill level 5 in Hexes
  6485 | D:9      | Reached skill level 5 in Summonings
  6485 | D:9      | Reached skill level 5 in Necromancy
  6485 | D:9      | Reached skill level 5 in Translocations
  6485 | D:9      | Reached skill level 5 in Transmutations
  6485 | D:9      | Reached skill level 5 in Fire Magic
  6485 | D:9      | Reached skill level 5 in Ice Magic
  6485 | D:9      | Reached skill level 5 in Air Magic
  6485 | D:9      | Reached skill level 5 in Earth Magic
  6485 | D:9      | Reached skill level 5 in Poison Magic
  6501 | D:9      | Found an ancient bone altar of Kikubaaqudgha.
  6524 | D:9      | Identified the +4 falchion of Victory {heavy, rElec rC+
                  | Str+2 Int-5}
  6854 | D:9      | Found a large runed translucent door.
  6855 | D:9      | Found a large runed translucent door.
  6855 | D:9      | Noticed pigah's ghost (novice OpSh)
  6917 | D:9      | Found Upedac's Weapon Shoppe.
  7100 | D:10     | Entered Level 10 of the Dungeon
  7300 | D:10     | Found a flagged portal.
  7305 | Bailey   | Entered a bailey
  7526 | Bailey   | Identified the +5 scimitar "Gomyuff" {heavy, Fly rPois
                  | Int-4 Dex-5 Stlth+}
  8305 | D:11     | Noticed Grum
  8320 | D:11     | Killed Grum
  8374 | D:11     | Found a staircase to the Orcish Mines.
  8414 | D:11     | Reached ****** piety under Cheibriados
  8618 | D:11     | Noticed a fire dragon
  8719 | D:11     | Noticed Josephine
  8837 | D:11     | Killed Josephine
  8839 | D:11     | Noticed Erolcha
  8944 | D:11     | Reached XP level 12. HP: 89/91 MP: 22/22
  9186 | D:11     | Noticed a two-headed ogre
  9198 | D:11     | Killed a two-headed ogre
  9201 | D:11     | Killed Erolcha
  9490 | IceCv    | Identified the "Iklab"
  9560 | D:12     | Identified the +5 ring mail "Gicrim" {Str+6 Int+3}
  9601 | D:12     | Noticed a boulder beetle
  9612 | D:12     | Noticed a four-headed hydra
  9613 | D:12     | Killed a boulder beetle
  9626 | D:12     | Killed a four-headed hydra
  9627 | D:12     | Reached skill level 10 in Unarmed Combat
  9739 | D:12     | Found a runed translucent door.
  9740 | D:12     | Identified the +1 spear "Beetlebane" {distort, rF+ rC+ rN+
                  | Stlth+}
  9741 | D:12     | Noticed Sanktem7's ghost (journeyman MiFi)
  9773 | D:12     | Found a frozen archway.
  9790 | IceCv    | Entered an ice cave
 10654 | IceCv    | Demolished by a very large slime creature

Illustrated notes

Levels and vault maps discovered:
D:1:      dpeg_arrival_radiant, layout_loops_ring,
          dreamdust_ecumenical_altar_grove, nicolae_titane
D:2:      layout_basic
D:3:      cheibrodos_helix_gallery, layout_loops_ring, overflow_temple_1_default
D:4:      layout_basic, serial_bayou, serial_bayou_shore_b, serial_bayou_pond_d,
          serial_bayou_pond_d, serial_bayou_pond_a, minmay_small_thing
D:5:      corexii_shantytown, layout_cave_pools,
          mainiacjoe_overflow_small_starburst, serial_demonic, serial_demonic_c,
          serial_demonic_f, serial_demonic_d, serial_demonic_e, serial_shops,
          nicolae_shop_hallway_plus, shop, shop
D:6:      layout_basic, evilmike_ruin_ashenzari, overflow_temple_1_default,
          minmay_temple_entry_slanted, uniq_eustachio, uniq_grinder
D:7:      layout_loops_ring, kennysheep_mini_moat, trog_ov_bears_minmay,
          elyvilon_altar_3, lemuel_tele_altar, eat_drink_and_be_merry_uskayaw
D:8:      layout_loops_cross, vehumet_crystals, zin_statuary,
          david_lair_shrubbed, gammafunk_ghost_necromancy, uniq_joseph
D:9:      layout_basic, kiku_gazebo_pond_becter, kennysheep_okawaru_gauntlet,
          serial_shops, shop, ebering_ghost_disaster_area
D:10:     layout_basic, enter_bailey_3
D:11:     dragon1_lemuel, layout_basic, orc_0_dummy, corexii_corridor_pit,
          minmay_stone_trees_small, uniq_grum, uniq_erolcha, uniq_josephine
D:12:     layout_rooms, ebering_ghost_funeral_grove, serial_shops, shop,
          portal_ice_cave_demonic_guard, minmay_strange_pillars
Temple:   hellmonk_temple_forest_ring
IceCv:    ice_cave_hellmonk_azure_passage

Skill      XL: |  1  2  3  4  5  6  7  8  9 10 11 12 |
---------------+-------------------------------------+-----
Invocations    | 1 2 3 4 5 6 7 8 |  8.6
Short Blades   | 1 2 3 4 5 6 7 |  7.8
Long Blades    | 1 2 3 4 5 6 7 |  7.8
Axes           | 1 2 3 4 5 6 7 |  7.8
Maces & Flails | 1 2 3 4 5 6 7 |  7.8
Polearms       | 1 2 3 4 5 6 7 |  7.8
Staves         | 1 2 3 4 5 6 7 |  7.8
Ranged Weapons | 1 2 3 4 5 6 7 |  7.8
Throwing       | 1 2 3 4 5 6 7 |  7.8
Armour         | 1 2 3 4 5 6 7 |  7.8
Stealth        | 1 2 3 4 5 6 7 |  7.8
Shields        | 1 2 3 4 5 6 7 |  7.8
Spellcasting   | 1 2 3 4 5 6 7 |  7.8
Evocations     | 1 2 3 4 5 6 7 |  7.8
Fighting       | 3 4 5 6 7 8 |  8.3
Conjurations   | 1 2 3 4 5 6 |  6.5
Hexes          | 1 2 3 4 5 6 |  6.5
Summonings     | 1 2 3 4 5 6 |  6.5
Necromancy     | 1 2 3 4 5 6 |  6.5
Translocations | 1 2 3 4 5 6 |  6.5
Transmutations | 1 2 3 4 5 6 |  6.5
Fire Magic     | 1 2 3 4 5 6 |  6.5
Ice Magic      | 1 2 3 4 5 6 |  6.6
Air Magic      | 1 2 3 4 5 6 |  6.5
Earth Magic    | 1 2 3 4 5 6 |  6.5
Poison Magic   | 1 2 3 4 5 6 |  6.5
Dodging        | 5 6 7 8 9 |  9.1
Unarmed Combat | 7 8 9 10 | 10.3
Shapeshifting  | 7 8 9 |  9.8

Action                     |  1- 3 |  4- 6 |  7- 9 | 10-12 || total
---------------------------+-------+-------+-------+-------++-------
  Melee: Unarmed           |    55 |    50 |       |       ||   105
         Punch             |     2 |     5 |    12 |    51 ||    70
         Bite              |     3 |     6 |    29 |   105 ||   143
         Hand axe          |       |    43 |   309 |   394 ||   746
         Scimitar          |       |       |       |   162 ||   162
         Falchion          |       |       |       |   114 ||   114
         Mace              |       |       |       |    12 ||    12
  Throw: Dart              |       |       |     3 |    10 ||    13
 Invoke: Bend Time         |       |       |     2 |       ||     2
Ability: Begin Untransform |       |     1 |       |       ||     1
         Evoke Invisibilit |       |       |     1 |       ||     1
  Evoke: Wand              |       |       |     2 |     7 ||     9
    Use: Scroll            |       |       |    11 |     5 ||    16
   Stab: Sleeping          |       |     5 |     5 |     6 ||    16
         Distracted        |       |       |     1 |       ||     1
         Invisible         |       |       |     9 |       ||     9
 Armour: Animal skin       |     8 |       |       |       ||     8
         Ring mail         |    17 |    41 |   232 |   218 ||   508
         Robe              |       |     7 |       |       ||     7
         Storm dragon scal |       |       |       |   214 ||   214
         Chain mail        |       |       |       |     7 ||     7
         Ice dragon scales |       |       |       |    44 ||    44
  Dodge: Dodged            |    27 |    49 |   264 |   596 ||   936
  Block: Other             |       |    11 |    73 |   186 ||   270
         Reflection        |       |       |       |     4 ||     4

Table legend: (Time is in decaauts)
 A = Elapsed time spent in this place.
 B = Non-inter-level travel time spent in this place.
 C = Inter-level travel time spent in this place.
 D = Time resting spent in this place.
 E = Time spent auto-exploring this place.
 F = Levels seen in this place.
 G = Mean time per level.
                   A        B        C        D        E       F      G
               +--------+--------+--------+--------+--------+-----+--------+
         Total |  14778 |  14120 |    658 |    319 |   9901 |  15 |  985.2 |
       Dungeon |  13012 |  12354 |    658 |      0 |   9113 |  12 | 1084.3 |
        Temple |      1 |      1 |      0 |      0 |      0 |   1 |    1.0 |
        Bailey |    697 |    697 |      0 |      0 |    449 |   1 |  697.0 |
      Ice Cave |   1066 |   1066 |      0 |    319 |    339 |   1 | 1066.0 |
               +--------+--------+--------+--------+--------+-----+--------+

Top non-repeatable levels by time:
    D:11: 2140 daAuts
     D:9: 1668 daAuts
     D:8: 1461 daAuts
    D:10: 1262 daAuts
   IceCv: 1066 daAuts
     D:7: 1038 daAuts
     D:5: 978 daAuts
     D:1: 845 daAuts
     D:6: 838 daAuts
     D:4: 785 daAuts
     D:2: 770 daAuts
     D:3: 711 daAuts
  Bailey: 697 daAuts
    D:12: 512 daAuts
  Temple: 1 daAuts
